AoeStats
← Your father like an elephant

Lombardia

509825843Analyzed
3v3 RM · 3d ago on Sep 28, 2026· 55m 24s· 6 players
Game mode
Random Map
Map size
Normal (6 player)
Population
200
Speed
Normal
Resources
Standard
Victory
Conquest
Starting age
Dark Age
Ending age
Imperial Age
RankedLock teamsTeams togetherTeam positionsShared explorationLock speedFull tech treeHidden civsTurbo modeCheats
Victory
Defeat
🇺🇸 Varangians · United States
1211
+14
1211
+14
1211
+14
🇨🇦 Vikings · Canada
1182
-14
🇹🇼 Varangians · Taiwan
1167
-14
🇹🇼 Maya · Taiwan
1167
-14
loveerika1986
10:52 Feudal Age
12:16 Loom
15:07 Castle Age
13:31 Double-Bit Axe
14:04 Horse Collar
17:51 Bow Saw
24:13 Wheelbarrow
24:40 Scale Barding Armor
24:45 Forging
25:59 Hand Cart
26:37 Husbandry
26:48 Bloodlines
27:23 Heavy Plow
29:22 Iron Casting
29:08 Chain Barding Armor
36:11 Imperial Age
33:32 Town Watch
35:49 Fletching
35:23 Vendel Legacy
36:30 Cavalier
37:53 Plate Barding Armor
38:19 Blast Furnace
39:38 Town Patrol
39:39 Bodkin Arrow
41:17 Light Cavalry
41:56 Pikeman
42:36 Squires
42:23 Arson
42:43 Scale Mail Armor
45:26 Hussar
A Pwacho
4:59 Loom
10:58 Feudal Age
14:55 Castle Age
13:23 Double-Bit Axe
13:45 Scale Mail Armor
13:31 Horse Collar
15:12 Man-at-Arms
26:05 Bow Saw
26:11 Crossbowman
28:16 Ballistics
30:27 Imperial Age
30:57 Arbalester
31:43 Padded Archer Armor
31:35 Fletching
34:13 Elite Varangian Guard
36:02 Gold Mining
36:17 Squires
36:02 Arson
37:17 Chain Mail Armor
36:58 Bodkin Arrow
37:19 Leather Archer Armor
37:15 Forging
37:50 Gold Shaft Mining
37:07 Stone Mining
39:02 Conscription
39:37 Chieftains
40:32 Bracer
41:24 Iron Casting
42:45 Bogsveigar
43:25 Plate Mail Armor
43:12 Man-at-Arms
44:42 Long Swordsman
45:06 Pikeman
45:34 Two-Handed Swordsman
46:13 Champion
49:04 Caravan
49:08 Elite Skirmisher
53:48 Capped Ram
Liu
0:34 Loom
9:44 Feudal Age
10:53 Double-Bit Axe
11:24 Horse Collar
19:00 Castle Age
18:02 Fletching
18:08 Gold Mining
19:12 Crossbowman
20:45 Bodkin Arrow
23:17 Heavy Plow
25:09 Bow Saw
26:13 Town Watch
27:51 Wheelbarrow
33:48 Imperial Age
32:10 Padded Archer Armor
32:54 Hand Cart
33:30 Ballistics
32:51 Treadmill Crane
35:10 Bracer
35:39 Conscription
35:57 Leather Archer Armor
36:44 Chemistry
36:29 Hul'che Javelineers
35:55 Elite Skirmisher
44:23 Eagle Warrior
44:57 Elite Plumed Archer
46:25 Ring Archer Armor
46:06 Forging
45:57 Scale Mail Armor
53:23 Chain Mail Armor
53:43 Iron Casting
Your father like an elephant
8:27 Loom
10:51 Feudal Age
13:38 Double-Bit Axe
16:21 Castle Age
15:45 Horse Collar
17:48 Bow Saw
18:39 Wheelbarrow
18:08 Heavy Plow
28:55 Imperial Age
27:43 Fletching
27:53 Padded Archer Armor
28:01 Gold Mining
28:22 Bodkin Arrow
28:00 Crossbowman
29:58 Hand Cart
30:47 Bracer
32:04 Gold Shaft Mining
31:40 Arbalester
33:17 Ballistics
33:57 Chemistry
33:43 Conscription
33:27 Town Watch
33:45 Stone Mining
34:36 Leather Archer Armor
35:44 Yeomen
35:41 Elite Skirmisher
36:45 Fortified Wall
37:12 Caravan
37:23 Guilds
37:03 Elite Longbowman
44:23 Two-Man Saw
43:42 Warwolf
45:39 Town Patrol
46:18 Ring Archer Armor
48:10 Forging
48:00 Scale Mail Armor
48:15 Pikeman
48:56 Squires
48:41 Arson
49:32 Coinage
50:40 Halberdier
55:08 Iron Casting
54:49 Chain Mail Armor
55:13 Banking
In9Ma
11:36 Feudal Age
12:59 Loom
15:43 Castle Age
13:42 Double-Bit Axe
13:43 Horse Collar
18:09 Wheelbarrow
18:11 Scale Barding Armor
27:15 Chain Barding Armor
33:48 Imperial Age
32:03 Forging
33:22 Hand Cart
34:14 Elite Varangian Guard
34:54 Squires
35:32 Iron Casting
35:32 Plate Barding Armor
34:57 Scale Mail Armor
35:34 Conscription
36:38 Caravan
36:13 Pikeman
36:50 Arson
37:25 Husbandry
37:35 Bloodlines
36:46 Light Cavalry
39:13 Blast Furnace
38:33 Hussar
39:58 Heavy Plow
40:18 Bow Saw
40:05 Gold Mining
40:40 Town Watch
41:13 Chain Mail Armor
42:57 Two-Man Saw
42:27 Gothikon
43:16 Fletching
43:45 Vendel Legacy
44:48 Bodkin Arrow
45:56 Chemistry
44:37 Treadmill Crane
46:00 Bracer
46:00 Padded Archer Armor
47:55 Leather Archer Armor
50:15 Siege Engineers
50:26 Masonry
51:58 Guilds
53:53 Coinage
55:18 Crop Rotation
Your mother like a camel
4:02 Loom
11:01 Feudal Age
16:24 Castle Age
14:17 Double-Bit Axe
16:06 Horse Collar
21:27 Gold Mining
25:02 Heavy Plow
25:20 Bow Saw
26:48 Wheelbarrow
30:24 Imperial Age
29:11 Hand Cart
28:41 Town Watch
29:38 Scale Barding Armor
29:43 Forging
30:36 Husbandry
30:47 Bloodlines
29:58 Light Cavalry
31:46 Cavalier
31:46 Heavy Camel Rider
33:09 Crop Rotation
33:04 Stone Mining
33:52 Gold Shaft Mining
33:39 Conscription
34:09 Hussar
34:53 Maghrebi Camels
37:13 Chain Barding Armor
37:29 Iron Casting
46:07 Plate Barding Armor
46:33 Blast Furnace
45:36 Padded Archer Armor
45:27 Fletching
56:09 Stone Shaft Mining
Connection lost

Rejoining the realm…

Still unreachable

The connection could not be restored.

Session expired

The server has moved on; the page needs a fresh start.